 Dungeon Crawl Stone Soup version 0.29-a0-1065-g47a6bb87d6 (webtiles) character file.

Game seed: 3028147249587659661

413 siradein the Grasshopper (level 6, -6/48 HPs)
             Began as a Demonspawn Warper on Aug 18, 2022.
             Mangled by an iguana (9 damage)
             ... on level 5 of the Dungeon.
             The game lasted 00:07:35 (5335 turns).

siradein the Grasshopper (Demonspawn Warper)        Turns: 5335, Time: 00:07:36

Health: -6/48      AC:  8    Str: 11    XL:     6   Next: 59%
Magic:  11/11      EV: 11    Int: 17    God:
Gold:   222        SH:  0    Dex: 12    Spells: 10/12 levels left

rFire   . . .      SeeInvis +   a - +0 spear
rCold   . . .      Faith    .   (no shield)
rNeg    . . .      Spirit   .   t - +0 acid dragon scales
rPois   +          Reflect  .   e - +0 helmet
rElec   .          Harm     .   (no cloak)
rCorr   +          Rampage  .   (no gloves)
Will    .....                   (no boots)
Stlth   +.........              (no amulet)
HPRegen 0.16/turn               l - ring of see invisible
MPRegen 0.12/turn               o - ring of poison resistance

@: no status effects
A: hooves 1, sharp scales 1
a: no special abilities


You were on level 5 of the Dungeon.
You visited 1 branch of the dungeon, and saw 5 of its levels.

You collected 256 gold pieces.
You spent 34 gold pieces at shops.

Inventory:

Hand Weapons
 a - a +0 spear (weapon)
Missiles
 d - 7 boomerangs of dispersal (quivered)
 m - 5 boomerangs
Armour
 e - a +0 helmet (worn)
 t - +0 acid dragon scales (worn)
Jewellery
 l - a ring of see invisible (left hand)
 o - a ring of poison resistance (right hand)
Scrolls
 c - 2 scrolls of blinking
 f - 4 scrolls of teleportation {unknown}
 g - a scroll of fear {unknown}
 h - a scroll of immolation {unknown}
 i - 3 scrolls of enchant armour {unknown}
 j - 2 scrolls of poison
 q - 2 scrolls of torment {unknown}
 r - a scroll of amnesia {unknown}
 s - 2 scrolls of butterflies {unknown}
 u - a scroll of summoning {unknown}
Potions
 b - a potion of curing
 k - 2 potions of heal wounds
 n - a potion of might
 p - a potion of attraction {unknown}
 v - 2 potions of flight {unknown}


   Skills:
 + Level 3.9 Fighting
 + Level 3.5 Polearms
 - Level 0.8 Throwing
 - Level 0.8 Armour
 - Level 1.7 Dodging
 + Level 3.6 Spellcasting
 + Level 4.0 Translocations


You had 10 spell levels left.
You knew the following spells:

 Your Spells              Type           Power      Damage    Failure   Level
a - Blink                 Tloc           34%        N/A       7%          2

Your spell library contained the following spells:

 Spells                   Type           Power      Damage    Failure   Level
 Gell's Gravitas          Tloc           17%        N/A       14%         3
 Lesser Beckoning         Tloc           17%        N/A       14%         3
 Teleport Other           Tloc           17%        N/A       14%         3
 Manifold Assault         Tloc           17%        N/A       78%         5


Dungeon Overview and Level Annotations

Branches:
Dungeon (5/15)
 Temple: D:4-7

Altars:
Makhleb
Okawaru
Uskayaw
Wu Jian

Shops:
D:2 !?   D:4 =

Annotations:
D:5 Sigmund


Innate Abilities, Weirdness & Mutations

You have large cloven feet.
You are partially covered in razor-sharp scales. (AC +1, Slay +1)


Message History

The iguana is heavily wounded.
The iguana bites you.
You hit the iguana. You kick the iguana, but do no damage.
The iguana is heavily wounded.
Sigmund closely misses you. The iguana barely misses you.
You hit the iguana.
The iguana is severely wounded.
The iguana attacks as you move away! The iguana bites you.
Found a glowing clear potion.
The iguana attacks as you move away! The iguana misses you.
The iguana attacks as you move away! The iguana bites you.
The iguana attacks as you move away!
The iguana bites you but does no damage.
The iguana attacks as you move away! The iguana closely misses you.
Found 15 gold pieces.
The iguana attacks as you move away! The iguana bites you.
The iguana attacks as you move away!
The iguana bites you but does no damage.
Sigmund gestures at you while chanting.
You are confused.
The iguana attacks as you move away!
The iguana bites you but does no damage.
You miss the iguana. Your punch misses the iguana.
The iguana is heavily wounded.
The iguana bites you!
* * * LOW HITPOINT WARNING * * *
Sigmund gestures wildly while chanting.
Sigmund flickers and vanishes for a moment.
The iguana bites you.
* * * LOW HITPOINT WARNING * * *
Sigmund points at you and mumbles some strange words.
The magic dart hits you.
* * * LOW HITPOINT WARNING * * *
The iguana bites you.
* * * LOW HITPOINT WARNING * * *
Sigmund says, "Don't worry, I'll kill you fast."
You're too confused to move!
You feel less confused. The iguana bites you!
You die...

........# #...........
...#....# #...........
........#####.####...###
...##.........# #...#
### ###...##### #...#
#...# #...# ##.######
##.## #l......#####.#
#@.####.#...#.#
.........# #..<....#
#.#.###.##.............
#.##<............
#.##..#.#....#.#. #....
....>.....@ ####
###.#.#..##. . ..... #.
###.##


You could see an iguana.

Vanquished Creatures
  A water moccasin (D:4)
  A phantom (D:4)
  Jessica (D:2)
  Natasha (thrice) (D:2)
  4 adders
  3 worms
  4 dart slugs
  4 orcs
  8 ball pythons
  6 bats
  10 endoplasms
  3 giant cockroaches
  11 hobgoblins
  4 jackals
  A quokka (D:1)
  3 frilled lizards
  8 goblins
  8 kobolds
  4 rats
87 creatures vanquished.

Notes
Turn   | Place    | Note
-------+----------+-------------------------------------------
     0 | D:1      | siradein the Demonspawn Warper began the quest for the Orb.
     0 | D:1      | Reached XP level 1. HP: 16/16 MP: 3/3
   237 | D:1      | Gained mutation: You are partially covered in razor-sharp
                  | scales. (AC +1, Slay +1) [demonic ancestry]
   237 | D:1      | Reached XP level 2. HP: 22/22 MP: 5/5
   273 | D:1      | Learned a level 2 spell: Blink
   428 | D:1      | Found a faded altar of an unknown god.
   506 | D:1      | Reached skill level 3 in Translocations
   698 | D:1      | Reached XP level 3. HP: 22/28 MP: 6/6
  1215 | D:2      | Found Higgusch's Distillery.
  1225 | D:2      | Bought a potion of degeneration for 10 gold pieces
  1349 | D:2      | Noticed Jessica
  1355 | D:2      | Killed Jessica
  1356 | D:2      | Gained mutation: You have large cloven feet. [demonic
                  | ancestry]
  1356 | D:2      | Reached XP level 4. HP: 24/34 MP: 6/8
  1502 | D:2      | Found Ylovami's Magic Scroll Shoppe.
  1511 | D:2      | Bought a scroll of identify for 24 gold pieces
  2000 | D:2      | Noticed Natasha
  2011 | D:2      | Killed Natasha
  2164 | D:2      | Noticed Natasha
  2171 | D:2      | Killed Natasha
  2172 | D:2      | Reached XP level 5. HP: 30/41 MP: 9/9
  2591 | D:2      | Found Ylovami's Magic Scroll Shoppe.
  2810 | D:2      | Found Higgusch's Distillery.
  2852 | D:2      | Noticed Natasha
  2864 | D:2      | Killed Natasha
  3671 | D:3      | Found a burning altar of Makhleb.
  4154 | D:4      | Found Yrphic's Jewellery Shoppe.
  4280 | D:4      | Found an iron altar of Okawaru.
  4298 | D:4      | Found a hide-covered altar of Uskayaw.
  4338 | D:4      | Noticed a phantom
  4360 | D:4      | Killed a phantom
  4361 | D:4      | Reached XP level 6. HP: 44/47 MP: 9/11
  4463 | D:4      | Noticed a water moccasin
  4492 | D:4      | Killed a water moccasin
  4493 | D:4      | Reached skill level 4 in Translocations
  4889 | D:4      | Found an ornate altar of the Wu Jian Council.
  5117 | D:5      | Entered Level 5 of the Dungeon
  5117 | D:5      | Noticed Sigmund
  5335 | D:5      | Mangled by an iguana

Illustrated notes

Levels and vault maps discovered:
D:1:      minmay_arrival_hallway, layout_basic,
          hellmonk_ecumenical_altar_inner_sanctum
D:2:      layout_loops_corners, serial_shops, nicolae_lakefront_shop,
          nicolae_shop_trees, uniq_jessica, uniq_natasha
D:3:      layout_basic, bloody_makhleb
D:4:      layout_loops_corners, overflow_temple_1_default,
          mainiacjoe_overflow_alcove_1, okawaru_altar_gauntlet_db, serial_shops,
          shop
D:5:      layout_loops_cross, chequers_temple_overflow_statue_of_worship,
          nicolae_dithmenos_shadow_blocks, temple_statues,
          chequers_serial_rivers_micro_d, uniq_prince_ribbit1, uniq_sigmund

Skill      XL: |  1  2  3  4  5  6 |
---------------+-------------------+-----
Polearms       | 2 3 |  3.5
Translocations | 3 4 |  4.0
Fighting       | 3 |  3.9
Spellcasting   | 3 |  3.6
Throwing       | |  0.8
Armour         | |  0.8
Dodging        | |  1.7

Action                   |  1- 3 |  4- 6 || total
-------------------------+-------+-------++-------
Melee: Spear             |   119 |   225 ||   344
       Punch             |     1 |       ||     1
       Kick              |       |    39 ||    39
 Cast: Blink             |       |     5 ||     5
  Use: Scroll            |       |     4 ||     4
 Stab: Sleeping          |       |     1 ||     1
       Distracted        |       |     1 ||     1
Armor: Leather armour    |    25 |    25 ||    50
       Acid dragon scale |       |    23 ||    23
Dodge: Dodged            |    42 |    88 ||   130

Table legend: (Time is in decaauts)
 A = Elapsed time spent in this place.
 B = Non-inter-level travel time spent in this place.
 C = Inter-level travel time spent in this place.
 D = Time resting spent in this place.
 E = Time spent auto-exploring this place.
 F = Levels seen in this place.
 G = Mean time per level.
                   A        B        C        D        E       F      G
               +--------+--------+--------+--------+--------+-----+--------+
         Total |   5321 |   5138 |    183 |      0 |   4488 |   5 | 1064.2 |
       Dungeon |   5321 |   5138 |    183 |      0 |   4488 |   5 | 1064.2 |
               +--------+--------+--------+--------+--------+-----+--------+

Top non-repeatable levels by time:
     D:2: 1883 daAuts
     D:4: 1231 daAuts
     D:1: 1138 daAuts
     D:3: 906 daAuts
     D:5: 161 daAuts
